 Dungeon Crawl Stone Soup version 0.23-a0-275-g0cf4261 (console) character file.

220 bli the Magician (level 5, -2/32 HPs)
             Began as an Octopode Wizard on Oct 2, 2018.
             Slain by a slave (6 damage)
             ... led by Pikel
             ... on level 3 of the Dungeon.
             The game lasted 00:13:15 (3713 turns).

bli the Magician (Octopode Wizard)                  Turns: 3713, Time: 00:13:15

Health: -2/32      AC:  2    Str:  7    XL:     5   Next: 97%
Magic:  8/11       EV: 14    Int: 23    God:
Gold:   122        SH:  0    Dex: 11    Spells: 7/13 levels left

rFire    . . .     SeeInvis .   a - +2 dagger (vamp)
rCold    . . .     Gourm    .   (no shield)
rNeg     . . .     Faith    .   l - +1 hat
rPois    .         Spirit   .   (no amulet)
rElec    .         Reflect  .   p - +3 ring of intelligence
rCorr    .         Harm     .   (no ring)
MR       .....                  (no ring)
Stlth    +++.......             (no ring)
HPRegen  0.10/turn              (no ring)
MPRegen  0.12/turn              (no ring)
                                (no ring)
                                (no ring)

@: no status effects
A: almost no armour, stealthy swim, amphibious, 8 rings, constrict 8, camouflage
1, gelatinous body 1
a: no special abilities


You were on level 3 of the Dungeon.
You were very hungry.

You visited 1 branch of the dungeon, and saw 4 of its levels.

You collected 122 gold pieces.

Inventory:

Hand Weapons
 a - a +2 vampiric dagger (weapon)
 b - a +3 short sword
 d - a +0 short sword
 g - a +0 spear
 s - a +0 trident
 z - a +2 dagger of venom
Missiles
 j - 48 stones (quivered)
 t - 3 needles of sleeping
Armour
 l - a +1 hat (worn)
 y - a +0 hat
Jewellery
 p - a +3 ring of intelligence (left tentacle)
Wands
 E - a wand of enslavement (11)
Scrolls
 e - 2 scrolls of teleportation {unknown}
 i - a scroll of remove curse {unknown}
 k - a scroll of blinking {unknown}
 n - a scroll of enchant armour {unknown}
 o - 3 scrolls of identify {unknown}
 u - a scroll of amnesia {unknown}
 A - 3 scrolls of magic mapping {unknown}
 B - 2 scrolls of random uselessness {unknown}
Potions
 f - 3 potions of agility {unknown}
 h - 3 potions of curing {unknown}
 m - a potion of berserk rage {unknown}
 q - a potion of might {unknown}
 v - 2 potions of haste {unknown}
 w - a potion of ambrosia {unknown}
 x - a potion of invisibility {unknown}
 C - a potion of cancellation {unknown}
 D - a potion of heal wounds {unknown}
Comestibles
 c - 4 rations


   Skills:
 + Level 0.4 Fighting
 + Level 2.8 Dodging
 + Level 3.2 Stealth
 + Level 4.6 Spellcasting
 + Level 3.2 Conjurations
   Level 1.0 Summonings
 + Level 1.0 Translocations


You had 7 spell levels left.
You knew the following spells:

 Your Spells              Type           Power        Failure   Level  Hunger
a - Magic Dart            Conj           ###.         2%          1    None
c - Mephitic Cloud        Conj/Pois/Air  ##......     19%         3    ##.....
B - Blink                 Tloc           N/A          10%         2    None

Your spell library contained the following spells:

 Spells                   Type           Power        Failure   Level  Hunger
 Call Imp                 Summ           ##......     10%         2    None
 Slow                     Hex            #.......     16%         2    None
 Conjure Flame            Conj/Fire      ##......     16%         3    ##.....


Dungeon Overview and Level Annotations

Branches:
Dungeon (4/15)
 Temple: D:4-7

Altars:
The Shining One

Annotations:
D:3 3 runed doors, bli's ghost, amateur OpCj; nubinia's ghost, amateur HaAr
D:4 Pikel


Innate Abilities, Weirdness & Mutations

You cannot wear most types of armour.
You are very stealthy in the water. (Stealth+)
You are amphibious.
You can wear up to eight rings at the same time.
You can use your tentacles to constrict eight enemies at once.
Your skin changes colour to match your surroundings (Stealth+).
Your rubbery body absorbs attacks. (AC +1, EV +1)


Message History

You constrict the slave. The slave barely misses you.
You hit the slave.
The slave is moderately wounded.
You constrict the slave, but do no damage.
The slave barely misses you.
You hit the slave.
The slave is moderately wounded.
You constrict the slave, but do no damage.
The slave closely misses you.
You hit the slave but do no damage.
The slave is moderately wounded.
You constrict the slave. The slave hits you!
* * * LOW HITPOINT WARNING * * *
You hit the slave.
You feel better.
The slave is severely wounded.
You constrict the slave. The slave closely misses you.
You hit the slave but do no damage.
The slave is severely wounded.
You constrict the slave. The slave hits you.
You die...

###### ########## #.....
#........# #.####
#........# #.#
#..####..#######.#
#..#>p...........#
#..#@###.####.####
#..#.# #)# #.# #..#.#
#.# #.# #..#.# #.## #.#
#..#.###..###.#
#.............#######
###.#.####.###........
#.....####.##...######
######............###.##
#.......)..^.#.#.##
##.####
#.####........##.#
#.....


You could see a slave.

Vanquished Creatures
  A slave (D:4)
  An orc wizard (D:3)
  Ijyb (D:4)
  A centaur skeleton (D:4)
  4 adders
  2 worms (D:3)
  2 dart slugs
  3 leopard geckos
  5 orcs (D:3)
  A ball python (D:2)
  A giant cockroach (D:2)
  9 goblins
  11 hobgoblins
  8 jackals (D:1)
  A quokka (D:3)
  9 bats
  7 frilled lizards
  7 kobolds
  10 rats
84 creatures vanquished.

Notes
Turn   | Place    | Note
-------+----------+-------------------------------------------
     0 | D:1      | bli the Octopode Wizard began the quest for the Orb.
     0 | D:1      | Reached XP level 1. HP: 11/11 MP: 4/4
   319 | D:1      | Reached XP level 2. HP: 17/17 MP: 0/6
   550 | D:1      | Reached XP level 3. HP: 12/21 MP: 1/7
  1105 | D:1      | You fall through a shaft!
  1259 | D:2      | Learned a level 3 spell: Mephitic Cloud
  1262 | D:2      | Learned a level 2 spell: Blink
  1371 | D:2      | Reached XP level 4. HP: 27/27 MP: 7/9
  1672 | D:2      | Reached skill level 4 in Spellcasting
  1809 | D:2      | Found a glowing golden altar of the Shining One.
  2265 | D:3      | Reached XP level 5. HP: 22/31 MP: 1/11
  2673 | D:3      | Found a runed gate.
  2673 | D:3      | Found a runed gate.
  2674 | D:3      | Found a runed gate.
  2675 | D:3      | Noticed bli's ghost (amateur OpCj)
  2677 | D:3      | Noticed nubinia's ghost (amateur HaAr)
  3030 | D:4      | Noticed Ijyb
  3044 | D:4      | Killed Ijyb
  3148 | D:4      | Noticed a slave
  3148 | D:4      | Noticed a slave
  3152 | D:4      | Noticed Pikel
  3169 | D:4      | Noticed a slave
  3184 | D:4      | Noticed a slave
  3462 | D:4      | Killed a slave
  3711 | D:3      | HP: 1/32 [slave[Pikel] (7)]
  3713 | D:3      | Slain by a slave

Vault maps used:
D:1:      saegor_arrival_under_anarchy, minmay_tiny_reverse_x
D:2:      nicolae_tso_carved_into_rock
D:3:      gammafunk_ghost_cemetery, first_ration, minmay_liquid_box,
          serial_bayou_lake_a
D:4:      uniq_ijyb, uniq_duvessa, uniq_pikel

Skill      XL: |  1  2  3  4  5 |
---------------+----------------+-----
Conjurations   | 2 3 |  3.2
Spellcasting   | 4 |  4.6
Stealth        | 3 |  3.2
Fighting       | |  0.4
Dodging        | |  2.8
Summonings     | |  1.0
Translocations | |  1.0

Action                   |  1- 3 |  4- 6 || total
-------------------------+-------+-------++-------
Melee: Short sword       |    47 |    20 ||    67
       Unarmed           |     3 |       ||     3
       Constrict         |    12 |    18 ||    30
       Tentacles         |     4 |    16 ||    20
       Dagger            |       |    70 ||    70
Throw: Stone             |       |    16 ||    16
 Cast: Magic Dart        |    55 |    71 ||   126
       Blink             |       |     1 ||     1
 Stab: Sleeping          |     6 |     9 ||    15
  Eat: Chunk             |     1 |     4 ||     5
       Ration            |       |     2 ||     2
Armor: Skin              |     4 |     3 ||     7
Dodge: Dodged            |    29 |    45 ||    74

Table legend:
 A = Non-vault XP
 B = Vault XP
 C = Vault XP percentage of total XP
 D = Non-vault monster count
 E = Vault monster count
 F = Vault count percentage of total count
                 A         B        C        D         E       F
            +---------+---------+-------+---------+---------+-------
      Total |     273 |      42 |  13.3 |      80 |       3 |   3.6
            +---------+---------+-------+---------+---------+-------
        D:1 |      50 |       3 |   5.7 |      29 |       2 |   6.5
        D:2 |      57 |       0 |   0.0 |      19 |       0 |   0.0
        D:3 |     129 |       0 |   0.0 |      31 |       0 |   0.0
        D:4 |      37 |      39 |  51.3 |       1 |       1 |  50.0
            +---------+---------+-------+---------+---------+-------
